 Dungeon Sprint DCSS version 0.27-a0-54-g64bdb92e38 (webtiles) character file.

Game seed: 7962940093484985313

21254 tatocazan the Bringer of Light (level 13, -6/111 HPs)
             Began as a Human Fighter on Jan 7, 2021.
             Was the Champion of the Shining One.
             Mangled by an orc knight
             ... wielding a +0 great mace
              (34 damage)
             ... in the Dungeon (Sprint VII: "The Pits").
             The game lasted 00:09:25 (3302 turns).

tatocazan the Bringer of Light (Human Fighter)      Turns: 3302, Time: 00:09:25

Health: -6/111     AC: 20    Str: 21    XL:     13   Next: 18%
Magic:  20/23      EV: 18    Int:  8    God:    the Shining One [******]
Gold:   15         SH: 13    Dex: 14    Spells: 12/12 levels left

rFire    . . .     SeeInvis .   p - +6 scimitar (holy)
rCold    . . .     Faith    .   c - +0 kite shield
rNeg     + + +     Spirit   .   m - +3 chain mail
rPois    +         Reflect  .   C - +0 helmet
rElec    .         Harm     .   k - +0 cloak
rCorr    .         Rampage  .   l - +0 pair of gloves
Will     .....     NoTele   +   (no boots)
Stlth    ..........             (no amulet)
HPRegen  0.28/turn              o - +3 ring of evasion
MPRegen  0.18/turn              x - ring of poison resistance

@: glowing
A: no striking features
a: Renounce Religion, Divine Shield, Cleansing Flame, Summon Divine Warrior,
Brand Weapon With Holy Wrath


You were in the Dungeon.
You worshipped the Shining One.
The Shining One was exalted by your worship.
You visited 1 branch You collected 15 gold pieces.

Inventory:

Hand Weapons
 p - a +6 scimitar of holy wrath (weapon)
Armour
 c - a +0 kite shield (worn)
 k - a +0 cloak (worn)
 l - a +0 pair of gloves (worn)
 m - a +3 chain mail (worn)
 C - a +0 helmet (worn)
Jewellery
 n - a +3 ring of evasion
 o - a +3 ring of evasion (left hand)
 x - a ring of poison resistance (right hand)
 y - an uncursed ring of wizardry
 A - an uncursed ring of willpower
 D - an uncursed ring of see invisible
Wands
 d - a wand of polymorph (7)
 s - a wand of digging (5)
Scrolls
 b - 4 scrolls of remove curse
 j - a scroll of blinking
 q - 5 scrolls of amnesia
 r - a scroll of summoning
 u - a scroll of fear
 v - a scroll of identify
 w - 4 scrolls of enchant armour
 z - a scroll of fog
Potions
 a - 2 potions of resistance
 e - 9 potions of curing
 f - 2 potions of heal wounds
 g - 7 potions of haste
 h - 3 potions of magic
 i - 3 potions of berserk rage
 B - 2 potions of brilliance
 E - a potion of flight


   Skills:
 + Level 13.6 Fighting
 - Level 14.0 Long Blades
 + Level 13.6 Armour
 + Level 13.3 Dodging
 + Level 13.6 Shields
 + Level 14.3 Invocations


You had 12 spell levels left.
You didn't know any spells.
Your spell library was empty.

Dungeon Overview and Level Annotations

Branches:
Dungeon (1/1)

Altars:
Ashenzari
Cheibriados
Dithmenos
Elyvilon
Fedhas
Gozag
Hepliaklqana
Kikubaaqudgha
Makhleb
Nemelex Xobeh
Okawaru
Qazlal
Ru
Sif Muna
Trog
Uskayaw
Vehumet
Wu Jian
Xom
Yredelemnul
Zin
The Shining One
Beogh
Jiyva
Lugonu


Message History

Your angel barely misses the orc knight.
Your angel hits the orc knight but does no damage.
Your angel hits the orc knight with a +2 whip of holy wrath.
Your angel hits the orc knight but does no damage.
The orc knight closely misses your angel.
Your angel hits the orc knight with a +1 whip of holy wrath!
Your angel hits the orc knight but does no damage.
An orc knight comes into view. It is wielding a +0 battleaxe.
You barely miss the orc knight.
The orc knight is severely wounded.
Your angel hits the orc knight with a +2 whip of holy wrath!!
The orc knight dies!
The orc knight barely misses your angel.
Your angel hits the orc knight with a +1 whip of holy wrath!
Your angel hits the orc knight with a +1 whip of holy wrath.
You swap places.
You hit the orc knight.
The orc knight is moderately wounded.
The orc knight hits you with a +0 great mace!!
You die...

#+# #.# #'#
###################'#
...)...o...o.).A)...#
...oo)oAo).).†.o@A..#
##''##############(.#
....○.# #..# ....○.#
#..# .....t# #..#
##..### #..# ....
#..# .... #..# #....
#..#


You could see 2 orc knights and 2 friendly angels.

Vanquished Creatures
  A Brimstone Fiend (D)
  A death yak (D)
  2 hell hogs (D)
  An orc high priest (D)
  A flayed ghost (D)
  A wizard (D)
  4 deep elf magi (D)
  An orc knight (D)
  An ugly thing (D)
  2 elephants (D)
  A cane toad (D)
  A smoke demon (D)
  An ice devil (D)
  A red devil (D)
  A hornet (D)
  7 dream sheep (D)
  A tarantella (D)
  Sigmund (D)
  A spriggan (D)
  5 redbacks (D)
  2 vampire mosquitoes (D)
  A floating eye (D)
  An orc warrior (D)
  A black bear (D)
  A swamp drake (D)
  An ogre (D)
  2 centaurs (D)
  Blork the orc (D)
  A jelly (D)
  3 orc priests (D)
  2 hounds (D)
  An orc wizard (D)
  A worker ant (D)
  An adder (D)
  An ufetubus (D)
  An adder zombie (D)
  A worm (D)
  6 orcs (D)
  A bat (D)
  A bat skeleton (D)
  A hobgoblin (D)
  5 jackals (D)
  A quokka (D)
  A bat simulacrum (D)
  A frilled lizard (D)
  A jackal skeleton (D)
  2 rats (D)
77 creatures vanquished.

Vanquished Creatures (collateral kills)
  An orc warlord (D)
  An eidolon (D)
  A yaktaur captain (D)
  A hydra (D)
  An anaconda (D)
  A hell hog (D)
  Sonja (D)
  2 fire crabs (D)
  6 orc knights (D)
  A salamander (D)
  An elephant (D)
  A merfolk siren (D)
  A gargoyle (D)
  An orange demon (D)
  A demonic crawler (D)
  A red devil (D)
  A troll (D)
  A wandering mushroom (D)
  A tyrant leech (D)
  5 dream sheep (D)
  A ynoxinul (D)
  A warg (D)
  A soldier ant (D)
  A small abomination (D)
  A hound (D)
  2 orc wizards (D)
  2 orcs (D)
  2 jackals (D)
  A jackal skeleton (D)
  A kobold (D)
43 creatures vanquished.

Vanquished Creatures (others)
  A golden eye (shapeshifter) (D)
1 creature vanquished.

Grand Total: 121 creatures vanquished

Notes
Turn   | Place    | Note
-------+----------+-------------------------------------------
     0 | D        | tatocazan the Human Fighter began the quest for the Orb.
     0 | D        | Reached XP level 1. HP: 18/18 MP: 1/1
    17 | D        | Found a bloodstained altar of Trog.
    17 | D        | Found a shimmering blue altar of Sif Muna.
    17 | D        | Found a viscous altar of Jiyva.
    17 | D        | Found a hazy altar of Hepliaklqana.
    17 | D        | Found an opulent altar of Gozag.
    18 | D        | Found a glowing golden altar of the Shining One.
    18 | D        | Found a glowing silver altar of Zin.
    18 | D        | Found a basalt altar of Yredelemnul.
    18 | D        | Found a shimmering altar of Xom.
    18 | D        | Found an ornate altar of the Wu Jian Council.
    18 | D        | Found a sacrificial altar of Ru.
    18 | D        | Found a stormy altar of Qazlal.
    18 | D        | Found an iron altar of Okawaru.
    18 | D        | Found a sparkling altar of Nemelex Xobeh.
    18 | D        | Found a burning altar of Makhleb.
    18 | D        | Found a blossoming altar of Fedhas.
    18 | D        | Found a white marble altar of Elyvilon.
    18 | D        | Found a shadowy altar of Dithmenos.
    18 | D        | Found a snail-covered altar of Cheibriados.
    22 | D        | Found a roughly hewn altar of Beogh.
    22 | D        | Found a corrupted altar of Lugonu.
    22 | D        | Found a radiant altar of Vehumet.
    23 | D        | Found an ancient bone altar of Kikubaaqudgha.
    23 | D        | Found a hide-covered altar of Uskayaw.
    23 | D        | Found a broken altar of Ashenzari.
    25 | D        | Became a worshipper of the Shining One
    65 | D        | Reached XP level 2. HP: 16/24 MP: 2/2
   165 | D        | Reached * piety under the Shining One
   172 | D        | Reached skill level 1 in Invocations
   175 | D        | Reached skill level 1 in Dodging
   230 | D        | Reached ** piety under the Shining One
   232 | D        | Reached *** piety under the Shining One
   233 | D        | Reached XP level 3. HP: 29/30 MP: 4/4
   298 | D        | Noticed a centaur
   298 | D        | Noticed a floating eye
   301 | D        | Noticed a black bear
   301 | D        | Reached **** piety under the Shining One
   301 | D        | Noticed a deep elf mage
   304 | D        | Paralysed by a floating eye for 4 turns
   309 | D        | Killed a black bear
   310 | D        | Reached skill level 5 in Long Blades
   310 | D        | Reached XP level 4. HP: 28/38 MP: 4/6
   310 | D        | Reached XP level 5. HP: 32/43 MP: 4/7
   310 | D        | Killed a floating eye
   311 | D        | Reached skill level 5 in Fighting
   311 | D        | Reached skill level 5 in Armour
   311 | D        | Reached skill level 5 in Shields
   311 | D        | Reached XP level 6. HP: 38/51 MP: 4/9
   314 | D        | Reached skill level 5 in Invocations
   331 | D        | Killed a deep elf mage
   332 | D        | Reached XP level 7. HP: 25/60 MP: 6/12
   332 | D        | Reached XP level 8. HP: 28/67 MP: 6/13
   527 | D        | Noticed Sigmund
   540 | D        | Killed Sigmund
   543 | D        | Noticed a death yak
   554 | D        | Killed a death yak
   555 | D        | Reached skill level 10 in Long Blades
   555 | D        | Reached XP level 9. HP: 58/74 MP: 14/14
   557 | D        | Reached ***** piety under the Shining One
   941 | D        | Noticed a flayed ghost
   942 | D        | Noticed a red devil
   942 | D        | Reached ****** piety under the Shining One
   952 | D        | Killed a flayed ghost
   972 | D        | Killed a red devil
   973 | D        | Reached XP level 10. HP: 77/83 MP: 16/16
   997 | D        | Noticed a deep elf mage
   997 | D        | Noticed Sonja
   998 | D        | Noticed a cane toad
  1005 | D        | Noticed a deep elf mage
  1006 | D        | Noticed a deep elf mage
  1010 | D        | Killed a deep elf mage
  1014 | D        | Killed a cane toad
  1025 | D        | Killed a deep elf mage
  1026 | D        | Killed a deep elf mage
  1027 | D        | Reached skill level 10 in Invocations
  1167 | D        | Reached skill level 10 in Armour
  1169 | D        | Reached skill level 10 in Fighting
  1169 | D        | Reached skill level 10 in Shields
  1190 | D        | Noticed an orc high priest
  1204 | D        | Killed an orc high priest
  1205 | D        | Reached XP level 11. HP: 79/91 MP: 18/18
  1239 | D        | Reached skill level 10 in Dodging
  1524 | D        | Noticed a spriggan rider
  1546 | D        | Noticed an elephant
  1557 | D        | Killed an elephant
  1746 | D        | Noticed an elephant
  1746 | D        | Noticed Blork the orc
  1747 | D        | Noticed a brown ugly thing
  1778 | D        | Killed a brown ugly thing
  1789 | D        | Killed Blork the orc
  1800 | D        | Killed an elephant
  2149 | D        | Noticed an elephant
  2157 | D        | Killed an elephant
  2336 | D        | Noticed an anaconda
  2336 | D        | Noticed an eidolon
  2342 | D        | Killed an anaconda
  2343 | D        | Reached XP level 12. HP: 91/101 MP: 21/21
  2345 | D        | Killed an eidolon
  2355 | D        | Noticed a wizard
  2364 | D        | Killed a wizard
  2597 | D        | Noticed a hell hog
  2597 | D        | Noticed a hell hog
  2597 | D        | Noticed a hell hog
  2601 | D        | Killed a hell hog
  2603 | D        | Killed a hell hog
  2604 | D        | Killed a hell hog
  2619 | D        | Noticed a fire crab
  2622 | D        | Killed Sonja
  2631 | D        | Killed a fire crab
  2978 | D        | Noticed a Brimstone Fiend
  2984 | D        | Killed a Brimstone Fiend
  3217 | D        | Noticed a fire crab
  3218 | D        | Noticed an orc warlord
  3225 | D        | Killed a fire crab
  3226 | D        | Noticed a five-headed hydra
  3226 | D        | Noticed a yaktaur captain
  3237 | D        | Reached XP level 13. HP: 98/111 MP: 16/23
  3243 | D        | Killed a yaktaur captain
  3266 | D        | Killed a five-headed hydra
  3275 | D        | Killed an orc warlord
  3302 | D        | Mangled by an orc knight

Illustrated notes

Levels and vault maps discovered:
D:        pitsprint [storerooms_1, entrance_room_1, metal_vault_3, armoury_1,
          mini_pit_1, grid_room_1, main_hall_1, silver_pit, the_coven_3,
          the_vestibule_1, steel_vault_3, golden_pit, hallway_of_sentries,
          crystal_vault_2, iron_vault_2, final_vault]

Skill      XL: |  1  2  3  4  5  6  7  8  9 10 11 12 13 |
---------------+----------------------------------------+-----
Invocations    | 1 3 4 6 7 9 10 12 13 14 | 14.3
Long Blades    | 3 5 6 9 10 11 13 14 | 14.0
Dodging        | 1 3 4 6 7 8 9 11 12 13 | 13.3
Fighting       | 4 5 7 8 9 10 11 13 | 13.6
Armour         | 4 5 7 9 10 11 13 | 13.6
Shields        | 4 5 6 7 9 10 11 13 | 13.6

Action                   |  1- 3 |  4- 6 |  7- 9 | 10-12 | 13-15 || total
-------------------------+-------+-------+-------+-------+-------++-------
Melee: Falchion          |    25 |       |       |       |       ||    25
       Long sword        |     8 |    16 |    48 |       |       ||    72
       Scimitar          |       |       |    26 |   200 |     5 ||   231
Invok: Cleansing Flame   |       |       |       |     7 |       ||     7
       Summon Divine War |       |       |       |     4 |     3 ||     7
  Use: Potion            |     2 |       |     2 |     7 |     5 ||    16
       Scroll            |       |       |       |     4 |     1 ||     5
Armor: Scale mail        |    11 |       |       |       |       ||    11
       Chain mail        |    16 |     5 |    21 |    78 |     5 ||   125
Dodge: Dodged            |     8 |     3 |    35 |   188 |     7 ||   241
Block: Kite shield       |    17 |     5 |    31 |   172 |     7 ||   232
       Rpst.: Long sword |     2 |       |     6 |       |       ||     8
       Falchion          |     2 |       |       |       |       ||     2
       Scimitar          |       |       |     4 |    34 |     1 ||    39

Table legend: (Time is in decaauts)
 A = Elapsed time spent in this place.
 B = Non-inter-level travel time spent in this place.
 C = Inter-level travel time spent in this place.
 D = Time resting spent in this place.
 E = Time spent auto-exploring this place.
 F = Levels seen in this place.
 G = Mean time per level.
                   A        B        C        D        E       F      G
               +--------+--------+--------+--------+--------+-----+--------+
         Total |   3260 |   3243 |     17 |   2120 |    225 |   1 | 3260.0 |
       Dungeon |   3260 |   3243 |     17 |   2120 |    225 |   1 | 3260.0 |
               +--------+--------+--------+--------+--------+-----+--------+

Top non-repeatable levels by time:
       D: 3260 daAuts
